 Dungeon Crawl Stone Soup version 0.30-a0-557-ge2afbf3030 (webtiles) character file.

Game seed: 8223364777476663010

3448 billz999 the Skirmisher (level 10, -2/77 HPs)
             Began as a Gnoll Hunter on Dec 27, 2022.
             Was an Initiate of Gozag.
             Engulfed by a steam dragon's steam (3 damage)
             ... on level 7 of the Dungeon.
             The game lasted 00:14:44 (5610 turns).

billz999 the Skirmisher (Gnoll Hunter)              Turns: 5610, Time: 00:14:44

Health: -2/77      AC:  8    Str: 10    XL:     10   Next: 6%
Magic:  14/17      EV: 16    Int: 26    God:    Gozag
Gold:   989        SH:  0    Dex: 19    Spells: 10/19 levels left

rFire   . . .      SeeInvis .    v - +2 hand axe (elec)
rCold   . . .      Faith    +    (no shield)
rNeg    + . .      Spirit   .    p - +2 robe {Will+}
rPois   +          Reflect  .    K - +0 helmet
rElec   .          Harm     .    (no cloak)
rCorr   .          Rampage  .    J - +0 pair of gloves
Will    +....                    y - +0 pair of boots
Stlth   +++                      z - amulet of Zebuen {Faith rN+ Int+4}
HPRegen 0.32/turn                s - ring "Vairchuu" {rPois Int+6}
MPRegen 0.15/turn                G - +6 ring of intelligence

@: brilliant, gold aura
A: fangs 1, strong nose, distributed training
a: Renounce Religion, Potion Petition, Call Merchant, Bribe Branch


You were on level 7 of the Dungeon.
You worshipped Gozag.
Gozag was pleased with you.
You visited 1 branch of the dungeon, and saw 7 of its levels.
You also visited: Ossuary.

You collected 1078 gold pieces.
You paid 89 gold pieces to Gozag.

Inventory:

Hand Weapons
 a - a +1 shortbow
 e - a +1 falchion of flaming
 f - a +1 short sword of speed
 v - a +2 hand axe of electrocution (weapon)
Missiles
 g - 3 throwing nets
Armour
 c - a +1 leather armour
 m - a +1 pair of gloves
 p - a +2 robe of willpower (worn)
 y - a +0 pair of boots (worn)
 J - a +0 pair of gloves (worn)
 K - a +0 helmet (worn)
Jewellery
 h - an amulet of regeneration
 s - the ring "Vairchuu" (left hand) {rPois Int+6}
   (You found it on level 6 of the Dungeon)

   [ring of intelligence]

   Int:       It affects your intelligence (+6).
   rPois:     It protects you from poison.
 z - the amulet of Zebuen (around neck) {Faith rN+ Int+4}
   (You found it on level 5 of the Dungeon)

   [amulet of faith]

   It allows you to gain divine favour quickly.
   Int:       It affects your intelligence (+4).
   rN:        It protects you from negative energy.
 G - a +6 ring of intelligence (right hand)
 I - the ring of Temptation {Int+6 Dex+2}
   (You took it off a wight on level 6 of the Dungeon)

   [ring of intelligence]

   Int:       It affects your intelligence (+6).
   Dex:       It affects your dexterity (+2).
Scrolls
 b - 2 scrolls of immolation
 k - 2 scrolls of blinking
 l - 4 scrolls of enchant weapon
 r - 3 scrolls of teleportation
 u - 4 scrolls of identify
 w - a scroll of fear
 x - 2 scrolls of amnesia
 F - a scroll of magic mapping
Potions
 d - a potion of brilliance
 i - a potion of cancellation {unknown}
 j - 2 potions of attraction {unknown}
 n - a potion of curing {unknown}
 o - a potion of experience {unknown}
 q - 3 potions of haste {unknown}
 t - 3 potions of resistance {unknown}
 A - 2 potions of might {unknown}
 B - 3 potions of degeneration {unknown}
 C - 2 potions of mutation {unknown}
 D - 5 potions of heal wounds {unknown}
 E - a potion of invisibility {unknown}
 H - a potion of magic {unknown}


   Skills:
 + Level 6.9 Fighting
 + Level 5.0 Short Blades
 + Level 5.0 Long Blades
 + Level 5.0 Axes
 + Level 5.0 Maces & Flails
 + Level 5.0 Polearms
 + Level 5.0 Staves
 + Level 10.0 Ranged Weapons
 + Level 5.0 Throwing
 + Level 5.0 Armour
 + Level 6.9 Dodging
 + Level 5.6 Stealth
 + Level 5.0 Shields
 + Level 5.0 Unarmed Combat
 + Level 5.0 Spellcasting
 + Level 4.2 Conjurations
 + Level 4.2 Hexes
 + Level 4.2 Summonings
 + Level 4.2 Necromancy
 + Level 4.2 Translocations
 + Level 4.2 Transmutations
 + Level 4.2 Fire Magic
 + Level 4.2 Ice Magic
 + Level 4.2 Air Magic
 + Level 4.2 Earth Magic
 + Level 4.2 Poison Magic
 + Level 5.5 Invocations
 + Level 5.0 Evocations


You had 10 spell levels left.
You knew the following spells:

 Your Spells              Type           Power      Damage    Failure   Level
a - Slow                  Hex            100%       N/A       1%          1
b - Confusing Touch       Hex            42%        N/A       4%          3
c - Freezing Cloud        Conj/Ice/Air   21%        6-21      36%         5

Your spell library contained the following spells:

 Spells                   Type           Power      Damage    Failure   Level
 Vampiric Draining        Necr           42%        2d9       4%          3
 Polar Vortex             Ice            21%        N/A       100%        9
 Simulacrum               Ice/Necr       Unusable   N/A       N/A         6

Dungeon Overview and Level Annotations

Branches:
Dungeon (7/15)             Temple (0/1) D:7         Ossuary (visited)

Altars:
Gozag

Annotations:
D:5 1 runed translucent door, greasedhog's ghost, novice FoFi


Innate Abilities, Weirdness & Mutations

You have very sharp teeth.
Your uncanny sense of smell can sniff out nearby items.
Your experience applies equally to all skills.


Message History

A steam dragon comes into view.
The steam dragon closely misses you. The steam dragon barely misses you.
The steam dragon bites itself!
The steam dragon is killed!
The orc hits you with a +2 mace of protection.
* * * LOW HITPOINT WARNING * * *
Your Ranged Weapons skill increases to level 10!
You barely miss the orc. You bite the orc.
The orc is severely wounded.
The orc closely misses you.
You hit the orc but do no damage. You bite the orc, but do no damage.
The orc is severely wounded.
The orc barely misses you.
Casting: Confusing Touch (dangerous; 4% risk of failure)
Confirm with . or Enter, or press ? or * to list all spells.
Your hands begin to glow red.
The steam dragon completely misses you. The steam dragon misses you.
The orc misses you.
You hit the steam dragon but do no damage.
You hit the orc but do no damage.
The orc appears confused.
The steam dragon bites you!
* * * LOW HITPOINT WARNING * * *
The steam dragon completely misses you.
You hit the steam dragon. Your bite misses the steam dragon.
The steam dragon is lightly wounded.
You hit the orc but do no damage. Lightning courses through the orc!
You kill the orc!
The steam dragon misses you.
The steam dragon claws you but does no damage.
You hit the steam dragon but do no damage.
The steam dragon is lightly wounded.
The steam dragon breathes steam at you. The ball of steam hits you!
* * * LOW HITPOINT WARNING * * *
You hear a shout!
Okay, then.
It was a potion of brilliance.
You feel clever all of a sudden.
You are engulfed in a cloud of scalding steam.
You die...
Your body crumbles into a pile of gold.

#.....#.###.
#...#...#...#
#.. #####...#
#
..#...#...#$
.#
#.....#.###.#
##...###...##
#.###.#.....#
.
#..$#...#...#
#..@##### ..#
#.D$# # ##.#.
.# #. .. ##
... ∆ ####


You could see a steam dragon (catching breath).

Vanquished Creatures
  Prince Ribbit (D:5)
  Grinder (D:3)
  Sigmund (D:4)
  A wyvern (D:6)
  A steam dragon (D:7)
  Edmund (D:6)
  A water moccasin (D:5)
  An ice beast (D:6)
  2 black bears
  A sky beast (D:6)
  2 ogres
  2 centaurs (D:6)
  3 phantoms
  A necrophage (D:5)
  3 water moccasin zombies (Ossuary)
  2 scorpions (D:5)
  6 wights
  3 centaur zombies (Ossuary)
  2 hounds (D:5)
  2 jellies
  A gnoll bouda (D:6)
  An orc priest (D:6)
  Jessica (D:3)
  3 iguanas
  Terence (D:3)
  5 orc wizards (D:6)
  7 gnolls
  7 adders
  2 shadow imps (D:5)
  A white imp (D:7)
  An ufetubus (D:6)
  5 adder zombies (Ossuary)
  2 worms (D:2)
  6 dart slugs
  12 orcs
  11 ball pythons
  10 endoplasms
  2 giant cockroaches
  12 hobgoblins
  11 jackals
  12 kobolds
  3 quokkas
  7 bats
  5 frilled lizards
  5 goblins
  2 goblin zombies (Ossuary)
  6 hobgoblin zombies (Ossuary)
  4 orc zombies (Ossuary)
  3 rats
  2 rat zombies (D:6)
187 creatures vanquished.

Vanquished Creatures (others)
  3 plants (D:4)
  2 withered plants (D:5)
5 creatures vanquished.

Grand Total: 192 creatures vanquished

Notes
Turn   | Place    | Note
-------+----------+-------------------------------------------
     0 | D:1      | billz999 the Gnoll Hunter began the quest for the Orb.
     0 | D:1      | Reached XP level 1. HP: 20/20 MP: 1/1
    84 | D:1      | Reached XP level 2. HP: 24/26 MP: 2/2
   186 | D:1      | Reached XP level 3. HP: 31/31 MP: 3/3
   495 | D:2      | Reached skill level 1 in Invocations
   534 | D:2      | Found a faded altar of an unknown god.
   548 | D:2      | Reached skill level 1 in Short Blades
   548 | D:2      | Reached skill level 1 in Long Blades
   548 | D:2      | Reached skill level 1 in Axes
   548 | D:2      | Reached skill level 1 in Maces & Flails
   548 | D:2      | Reached skill level 1 in Polearms
   548 | D:2      | Reached skill level 1 in Staves
   548 | D:2      | Reached skill level 1 in Throwing
   548 | D:2      | Reached skill level 1 in Armour
   548 | D:2      | Reached skill level 1 in Shields
   548 | D:2      | Reached skill level 1 in Unarmed Combat
   548 | D:2      | Reached skill level 1 in Spellcasting
   548 | D:2      | Reached skill level 1 in Evocations
   739 | D:2      | Reached XP level 4. HP: 38/38 MP: 5/5
  1006 | D:3      | Noticed Grinder
  1012 | D:3      | Paralysed by Grinder for 4 turns
  1022 | D:3      | Paralysed by Grinder for 5 turns
  1032 | D:3      | Killed Grinder
  1033 | D:3      | Reached skill level 5 in Fighting
  1033 | D:3      | Reached skill level 5 in Dodging
  1033 | D:3      | Reached skill level 1 in Conjurations
  1033 | D:3      | Reached skill level 1 in Hexes
  1033 | D:3      | Reached skill level 1 in Summonings
  1033 | D:3      | Reached skill level 1 in Necromancy
  1033 | D:3      | Reached skill level 1 in Translocations
  1033 | D:3      | Reached skill level 1 in Transmutations
  1033 | D:3      | Reached skill level 1 in Fire Magic
  1033 | D:3      | Reached skill level 1 in Ice Magic
  1033 | D:3      | Reached skill level 1 in Air Magic
  1033 | D:3      | Reached skill level 1 in Earth Magic
  1033 | D:3      | Reached skill level 1 in Poison Magic
  1033 | D:3      | Reached XP level 5. HP: 44/44 MP: 5/7
  1033 | D:3      | Reached XP level 6. HP: 51/51 MP: 5/8
  1113 | D:3      | Noticed Terence
  1149 | D:3      | Killed Terence
  1478 | D:3      | Noticed a black bear
  1493 | D:3      | Killed a black bear
  1553 | D:3      | Reached XP level 7. HP: 56/56 MP: 10/10
  1741 | D:3      | Noticed Jessica
  1746 | D:3      | Killed Jessica
  2009 | D:4      | Found an opulent altar of Gozag.
  2014 | D:4      | Became a worshipper of Gozag Ym Sagoz the Greedy
  2170 | D:4      | Noticed Sigmund
  2179 | D:4      | Killed Sigmund
  2180 | D:4      | Reached skill level 9 in Ranged Weapons
  2445 | D:5      | Entered Level 5 of the Dungeon
  2557 | D:5      | Reached XP level 8. HP: 61/63 MP: 12/12
  2679 | D:5      | Found a runed translucent door.
  2679 | D:5      | Noticed greasedhog's ghost (novice FoFi)
  2826 | D:5      | Noticed Prince Ribbit
  2843 | D:5      | Killed Prince Ribbit
  2940 | D:5      | Identified the amulet of Zebuen {Faith rN+ Int+4}
  3327 | D:6      | Identified the ring "Vairchuu" {rPois Int+6}
  3342 | D:6      | Learned a level 1 spell: Slow
  3346 | D:6      | Learned a level 3 spell: Confusing Touch
  3385 | D:6      | Found a sand-covered staircase.
  3399 | Ossuary  | Entered an ossuary
  3484 | Ossuary  | Reached XP level 9. HP: 68/69 MP: 14/14
  3631 | Ossuary  | Noticed a silent spectre
  3841 | D:6      | Reached skill level 5 in Stealth
  3900 | D:6      | Learned a level 5 spell: Freezing Cloud
  4322 | D:6      | Noticed Edmund
  4347 | D:6      | Killed Edmund
  4350 | D:6      | Reached skill level 5 in Invocations
  4905 | D:6      | Identified the ring of Temptation {Int+6 Dex+2}
  5443 | D:7      | Found a staircase to the Ecumenical Temple.
  5537 | D:7      | Reached skill level 5 in Short Blades
  5537 | D:7      | Reached skill level 5 in Long Blades
  5537 | D:7      | Reached skill level 5 in Axes
  5537 | D:7      | Reached skill level 5 in Maces & Flails
  5537 | D:7      | Reached skill level 5 in Polearms
  5537 | D:7      | Reached skill level 5 in Staves
  5537 | D:7      | Reached skill level 5 in Throwing
  5537 | D:7      | Reached skill level 5 in Armour
  5537 | D:7      | Reached skill level 5 in Shields
  5537 | D:7      | Reached skill level 5 in Unarmed Combat
  5537 | D:7      | Reached skill level 5 in Spellcasting
  5537 | D:7      | Reached skill level 5 in Evocations
  5537 | D:7      | Reached XP level 10. HP: 69/77 MP: 13/17
  5604 | D:7      | Reached skill level 10 in Ranged Weapons
  5609 | D:7      | HP: 1/77 [steam dragon/ball of steam (17)]
  5610 | D:7      | Engulfed by a steam dragon's steam

Illustrated notes

Levels and vault maps discovered:
D:1:      dpeg_arrival_line_fractal, layout_rooms
D:2:      layout_basic, hellmonk_ecumenical_altar_dog_temple
D:3:      minmay_chambers_of_threes, layout_loops_ring, uniq_grinder,
          uniq_jessica, uniq_terence
D:4:      layout_gridville, nicolae_gozag_cash_rules_everything_around_me,
          serial_forest, infiniplex_forest_lined_room_2,
          infiniplex_forest_straight_2, infiniplex_forest_clump_cross,
          infiniplex_forest_join, infiniplex_forest_lined_room_2,
          infiniplex_forest_lined_4_way, infiniplex_forest_corner_2,
          uniq_sigmund
D:5:      layout_gridville, gammafunk_ghost_grave, dk_noncrumbling_3,
          grunt_decor_junction, chequers_mini_garden, uniq_prince_ribbit1
D:6:      minmay_flawed_box, layout_basic, enter_ossuary_4,
          nicolae_eternal_life, feat_on_display, uniq_edmund
D:7:      nicolae_cairo_tiling, layout_gridville, temple_statues,
          kennysheep_generic_room_2

Skill      XL: |  1  2  3  4  5  6  7  8  9 10 |
---------------+-------------------------------+-----
Invocations    | 1 2 3 4 5 |  5.5
Short Blades   | 1 2 3 5 |  5.0
Long Blades    | 1 2 3 5 |  5.0
Axes           | 1 2 3 5 |  5.0
Maces & Flails | 1 2 3 5 |  5.0
Polearms       | 1 2 3 5 |  5.0
Staves         | 1 2 3 5 |  5.0
Throwing       | 1 2 3 5 |  5.0
Armour         | 1 2 3 5 |  5.0
Shields        | 1 2 3 5 |  5.0
Unarmed Combat | 1 2 3 5 |  5.0
Spellcasting   | 1 2 3 5 |  5.0
Evocations     | 1 2 3 5 |  5.0
Fighting       | 5 6 |  6.9
Dodging        | 5 6 |  6.9
Stealth        | 3 4 5 |  5.6
Conjurations   | 1 2 3 4 |  4.2
Hexes          | 1 2 3 4 |  4.2
Summonings     | 1 2 3 4 |  4.2
Necromancy     | 1 2 3 4 |  4.2
Translocations | 1 2 3 4 |  4.2
Transmutations | 1 2 3 4 |  4.2
Fire Magic     | 1 2 3 4 |  4.2
Ice Magic      | 1 2 3 4 |  4.2
Air Magic      | 1 2 3 4 |  4.2
Earth Magic    | 1 2 3 4 |  4.2
Poison Magic   | 1 2 3 4 |  4.2
Ranged Weapons | 9 10 | 10.0

Action                   |  1- 3 |  4- 6 |  7- 9 | 10-12 || total
-------------------------+-------+-------+-------+-------++-------
Melee: Short sword       |       |    36 |       |       ||    36
       Punch             |       |     2 |     7 |     2 ||    11
       Falchion          |       |    37 |    25 |       ||    62
       Bite              |       |     9 |    21 |     4 ||    34
       Hand axe          |       |       |   165 |    20 ||   185
 Fire: Shortbow          |    90 |    68 |   305 |       ||   463
 Cast: Confusing Touch   |       |       |    19 |     2 ||    21
  Use: Scroll            |     5 |     5 |     1 |       ||    11
       Potion            |       |       |       |     1 ||     1
 Stab: Confused          |       |       |    16 |     1 ||    17
Armor: Leather armour    |     3 |    19 |    10 |       ||    32
       Robe              |       |       |    78 |     8 ||    86
Dodge: Dodged            |    20 |    56 |   193 |    23 ||   292

Table legend: (Time is in decaauts)
 A = Elapsed time spent in this place.
 B = Non-inter-level travel time spent in this place.
 C = Inter-level travel time spent in this place.
 D = Time resting spent in this place.
 E = Time spent auto-exploring this place.
 F = Levels seen in this place.
 G = Mean time per level.
                   A        B        C        D        E       F      G
               +--------+--------+--------+--------+--------+-----+--------+
         Total |   5632 |   5377 |    255 |     88 |   3920 |   8 |  704.0 |
       Dungeon |   5346 |   5091 |    255 |     88 |   3820 |   7 |  763.7 |
       Ossuary |    286 |    286 |      0 |      0 |    100 |   1 |  286.0 |
               +--------+--------+--------+--------+--------+-----+--------+

Top non-repeatable levels by time:
     D:6: 1871 daAuts
     D:3: 935 daAuts
     D:5: 798 daAuts
     D:4: 556 daAuts
     D:1: 490 daAuts
     D:2: 477 daAuts
 Ossuary: 286 daAuts
     D:7: 215 daAuts
